 Dungeon Crawl Stone Soup version 0.19.3-1-g3169bf9 (webtiles) character file.

126 zhar the Sneak (level 4, -2/30 HPs)
             Began as a Vampire Necromancer on Jan 24, 2017.
             Slain by a worker ant (5 damage)
             ... on level 3 of the Dungeon.
             The game lasted 00:15:26 (4136 turns).

zhar the Sneak (Vampire Necromancer)                Turns: 4136, Time: 00:15:27

Health: -2/30      AC:  2    Str:  7    XL:     4   Next: 83%
Magic:  1/7        EV: 12    Int: 18    God:
Gold:   176        SH:  0    Dex: 14    Spells: 1 memorised, 6 levels left

rFire  . . .     SeeInvis +     d - +0 short sword
rCold  + . .     Gourm    .     a - +0 robe
rNeg   + + .     Faith    .     (no shield)
rPois  +         Spirit   .     (no helmet)
rElec  .         Reflect  .     (no cloak)
rCorr  .         Harm     .     (no gloves)
MR     .....                    (no boots)
Stlth  +++++.....               g - amulet of rage
                                (no ring)
                                (no ring)

@: very slightly contaminated, regenerating slowly
A: fangs 3, see invisible, unbreathing
a: Bat Form, Evoke Berserk Rage


You were on level 3 of the Dungeon.
You were near bloodless.

You visited 1 branch of the dungeon, and saw 3 of its levels.

You collected 176 gold pieces.

Inventory:

Hand Weapons
 d - a +0 short sword (weapon)
 j - a +0 dagger
Armour
 a - a +0 robe (worn)
 f - a +2 shield
Jewellery
 g - an amulet of rage (around neck)
 i - a cursed ring of teleportation {unknown}
Scrolls
 k - a scroll of fear {unknown}
 l - a scroll of recharging {unknown}
Potions
 c - 12 potions of blood
 e - 3 potions of curing {unknown}
 h - a potion of lignification {unknown}
 m - a potion of ambrosia {unknown}
 n - a potion of heal wounds {unknown}
 o - a potion of might
Books
 b - a book of Necromancy

   Spells                             Type                      Level
   a - Pain                           Necromancy                   1
   b - Animate Skeleton               Necromancy                   1
   c - Vampiric Draining              Necromancy                   3
   d - Regeneration                   Charms/Necromancy            3
   e - Animate Dead                   Necromancy                   4
   f - Control Undead                 Necromancy                   4


   Skills:
 - Level 0.9 Short Blades
 - Level 2.1 Dodging
 * Level 7.8 Stealth
 - Level 2.0 Spellcasting
 - Level 4.3 Necromancy


You had 6 spell levels left.
You knew the following spells:

 Your Spells              Type           Power        Failure   Level  Hunger
a - Pain                  Necr           ###.         3%          1    #......


Dungeon Overview and Level Annotations

Branches:
Dungeon (3/15)

Altars:
Sif Muna

Annotations:
D:3 shwouchk's ghost, amateur OpTm


Innate Abilities, Weirdness & Mutations

You heal slowly.
You have razor-sharp teeth.
You have supernaturally acute eyesight. (SInv)
You can survive without breathing.


Message History

Casting: Pain
Confirm with . or Enter, or press ? or * to list all spells.
Aiming: Pain
Press: ? - help, Shift-Dir - straight line, f/p - worker ant
Aim: a worker ant (severely wounded, chance to defeat MR: 82%)
The worker ant writhes in agony!
The worker ant bites you.
* * * LOW HITPOINT WARNING * * *
Casting: Pain
Confirm with . or Enter, or press ? or * to list all spells.
Aiming: Pain
Press: ? - help, Shift-Dir - straight line, f/p - worker ant
Aim: a worker ant (severely wounded, chance to defeat MR: 82%)
The worker ant barely resists.
The worker ant barely misses you.
Casting: Pain
Confirm with . or Enter, or press ? or * to list all spells.
You don't have enough magic to cast that spell.
Unknown command.
The worker ant misses you. The worker ant bites you.
You die...

#........########..........#
#........##.....#..........#
#........##.....#...........
#........##.....#...........
#........##.....#...........
#...............#...........
#.......####.#####.###.####.
###########>...................'.
#...#####......a@.......#...####.
#.........#......................
#.........#######.####......#####
#.........# .....# #....#......
#...#####.###....## #....#......
#................## #....#......
#..........W....... ..##.#......
#.................. ......#......
###............... .... .# #.


You could see a worker ant.

Vanquished Creatures
  Ijyb (D:2)
  4 adders
  An ooze (D:1)
  2 dart slugs
  2 worms (D:2)
  7 bats
  2 giant cockroaches
  6 goblins
  3 hobgoblins
  4 jackals
  8 kobolds
  A quokka (D:3)
  2 ball pythons
  4 frilled lizards
  4 rats
51 creatures vanquished.

Notes
Turn   | Place    | Note
-------+----------+-------------------------------------------
     0 | D:1      | zhar the Vampire Necromancer began the quest for the Orb.
     0 | D:1      | Reached XP level 1. HP: 13/13 MP: 3/3
   391 | D:1      | Reached skill level 4 in Stealth
   551 | D:1      | Reached XP level 2. HP: 19/19 MP: 1/5
  1402 | D:2      | Reached skill level 5 in Stealth
  1552 | D:2      | Noticed Ijyb
  1639 | D:2      | Killed Ijyb
  1639 | D:2      | Reached XP level 3. HP: 1/24 MP: 0/6
  1919 | D:2      | Reached skill level 6 in Stealth
  2029 | D:2      | Found a deep blue altar of Sif Muna.
  2212 | D:2      | Reached XP level 4. HP: 23/30 MP: 1/7
  3396 | D:3      | Reached skill level 7 in Stealth
  3758 | D:3      | Noticed shwouchk's ghost (amateur OpTm)
  4136 | D:3      | Slain by a worker ant

Skill      XL: |  1  2  3  4 |
---------------+-------------+-----
Stealth        | 4 5 6 7 |  7.8
Short Blades   | |  0.9
Dodging        | |  2.1
Spellcasting   | |  2.0
Necromancy     | |  4.3

Action                   |  1- 3 |  4- 6 || total
-------------------------+-------+-------++-------
Melee: Short sword       |     9 |    21 ||    30
       Bite              |       |     2 ||     2
 Cast: Pain              |    48 |    56 ||   104
 Abil: End Transformatio |     1 |     2 ||     3
       Bat Form          |     1 |     2 ||     3
       Evoke Berserk Rag |       |     1 ||     1
  Use: Scroll            |     2 |       ||     2
       Potion            |     5 |     3 ||     8
 Stab: Sleeping          |     3 |     4 ||     7
       Distracted        |       |     1 ||     1
Armor: Robe              |     2 |     3 ||     5
Dodge: Dodged            |    25 |    28 ||    53
